 Dungeon Crawl Stone Soup version 0.27-a0-1219-g958d993ae5 (webtiles) character file.

Game seed: 10505893659952261707

21 sanka the Charlatan (level 3, -2/29 HPs)
             Began as a Djinni Artificer on June 6, 2021.
             Slain by a kobold
             ... wielding a +0 long sword
              (5 damage)
             ... on level 2 of the Dungeon.
             The game lasted 00:01:50 (2228 turns).

sanka the Charlatan (Djinni Artificer)              Turns: 2228, Time: 00:01:51

Health: -2/29      AC:  3    Str: 11    XL:     3   Next: 5%
Gold:   15         EV: 11    Int: 13    God:
                   SH:  0    Dex: 13

rFire    + + .     SeeInvis .   k - +0 whip
rCold    x . .     Faith    .   (no shield)
rNeg     . . .     Spirit   .   b - +0 leather armour
rPois    ∞         Reflect  .   (no helmet)
rElec    .         Harm     .   (no cloak)
rCorr    .         Rampage  .   (no gloves)
Will     .....                  (boots unavailable)
Stlth    +.........             (no amulet)
HPRegen  0.09/turn              (no ring)
MPRegen  0.00/turn              (no ring)

@: flying
A: sickness immunity, fire resistance 2, cold vulnerability 1, float, innate
caster, hp casting, extra vitality 1
a: no special abilities


You were on level 2 of the Dungeon.
You visited 1 branch of the dungeon, and saw 2 of its levels.

You collected 15 gold pieces.


Innate Abilities, Weirdness & Mutations

You are immune to sickness and miasma.
You are immune to poison.
Your flesh is very heat resistant. (rF++)
You are vulnerable to cold. (rC-)
You float through the air rather than walking.
You learn spells naturally, not from books.
Your magical power is your life essence.
You have superior vitality. (+4 HP)


   Skills:
 + Level 2.7 Fighting
 - Level 1.0 Armour
 - Level 2.1 Dodging
 - Level 0.7 Stealth
 - Level 3.0 Evocations


You had one spell level left.
You knew the following spells:

 Your Spells              Type           Power      Damage    Failure   Level
z - Beastly Appendage     Tmut           0%         N/A       38%         1
Your spell library was empty.

Inventory:

Hand Weapons
 a - a +0 club
 k - a +0 whip (weapon)
Armour
 b - a +0 leather armour (worn)
 f - a scarf of harm
Magical Staves
 j - a staff of fire
Wands
 c - a wand of flame (15) (quivered)
 d - a wand of charming (15)
Scrolls
 g - a scroll of amnesia {unknown}
 i - a scroll of identify {unknown}
Potions
 h - a potion of might {unknown}
 l - a potion of mutation {unknown}
Miscellaneous
 e - a piece from Xom's chessboard (15/15)

Dungeon Overview and Level Annotations

Branches:
Dungeon (2/15)

Altars:

...▒ ▒... ▒▒▒▒
...▒▒▒..▒
▒...▒▒▒.▒▒▒
...▒▒...(▒
▒...▒▒.▒.▒
+...▒▒.▒.▒▒▒
▒▒▒▒▒▒▒▒.▒▒......▒
......KR...▒▒▒.▒.▒
▒▒▒▒.▒▒▒▒▒.▒▒▒.▒.▒
▒.▒▒..▒.▒
▒.▒▒.▒▒.▒
▒.▒▒.▒▒.▒
▒.......▒
▒▒▒.<▒▒▒▒ ▒.▒▒ ▒.


You could see a kobold.


Message History

You barely miss the kobold.
The kobold hits you with a +0 long sword.
Your magical contamination has completely faded away.
You closely miss the kobold.
The kobold hits you with a +0 long sword.
The kobold hits you with a +0 long sword.
* * * LOW HITPOINT WARNING * * *
You closely miss the kobold.
The kobold hits you with a +0 long sword.
* * * LOW HITPOINT WARNING * * *
You closely miss the kobold. The kobold barely misses you.
You barely miss the kobold. The kobold closely misses you.
You closely miss the kobold. The kobold hits you but does no damage.
You barely miss the kobold. The kobold barely misses you.
You hit the kobold.
The kobold is heavily wounded.
The kobold hits you with a +0 long sword.
* * * LOW HITPOINT WARNING * * *
You hit the kobold but do no damage.
The kobold is heavily wounded.
The kobold hits you with a +0 long sword.
* * * LOW HITPOINT WARNING * * *
You closely miss the kobold.
The kobold is heavily wounded.
The kobold hits you with a +0 long sword.
You die...

Action                   || total
-------------------------++-------
Melee: Club              ||    71
       Whip              ||    44
Armor: Leather armour    ||    43
Dodge: Dodged            ||    94

Levels and vault maps discovered:
D:1:      psy_arrival_fountain, layout_basic, ebering_ecumenical_altar_webs,
          minmay_misc_feat_nine_boxes, minmay_box_of_dots
D:2:      minmay_razor_zed, layout_loops_cross, uniq_jessica

Notes
Turn   | Place    | Note
-------+----------+-------------------------------------------
     0 | D:1      | sanka the Djinni Artificer began the quest for the Orb.
     0 | D:1      | Reached XP level 1. HP: 17/17 MP: 0/0
    82 | D:1      | Found a faded altar of an unknown god.
   670 | D:1      | Reached skill level 2 in Fighting
   670 | D:1      | Reached XP level 2. HP: 22/23 MP: 0/0
  2192 | D:2      | Reached XP level 3. HP: 29/29 MP: 0/0
  2192 | D:2      | Learned a level 1 spell: Beastly Appendage
  2228 | D:2      | Slain by a kobold

Vanquished Creatures
  3 ball pythons
  4 endoplasms
  A goblin (D:1)
  2 quokkas
  2 bats
  2 frilled lizards (D:1)
  4 kobolds (D:1)
  2 rats (D:1)
20 creatures vanquished.
